Map: Ice and Chrome LE

Players

AfreecaDRG (DRG)

  • Race: Zerg Zerg
  • League: Master
  • Spawn Location: 7:00

soO - Winner!

  • Race: Zerg Zerg
  • League: Master
  • Spawn Location: 1:00

Event: War Chest Team League

VOD

Have the link to the VOD?

Description

Time

  • Played on: Aug. 14, 2020, 10 a.m.
  • Length: 13:51
Show
View Real Time Build Order
Export as new Build Order

AfreecaDRG Zerg 

Build Orders: Hatch First, Lurkers, Muta Ling Bane 

Get SALT Encoding   

  12  0:00  Drone  
  13  0:12  Overlord  
  13  0:16  Drone  
  14  0:30  Drone x2  
  16  0:47  Hatchery  
  15  0:50  Drone  
  15  0:54  Drone  
  17  0:57  Drone  
  18  1:09  Extractor  
  17  1:12  Spawning Pool  
  17  1:15  Drone  
  17  1:19  Drone  
  18  1:28  Drone  
  19  1:38  Drone  
  20  1:49  Drone  
  21  1:59  Queen x2  
  21  2:00  Zergling x2, Overlord  
  26  2:08  Metabolic Boost  
  26  2:10  Drone x2  
  28  2:20  Drone  
  28  2:21  Drone  
  30  2:31  Drone  
  30  2:32  Drone  
  30  2:36  Hatchery  
  31  2:42  Overlord  
  31  2:44  Drone  
  32  2:49  Baneling Nest  
  31  2:54  Drone x2  
  33  3:04  Drone x2  
  35  3:06  Zergling x4  
  35  3:08  Drone  
  35  3:09  Drone x2  
  40  3:13  Drone  
  40  3:17  Overlord  
  41  3:23  Drone  
  41  3:24  Lair  
  42  3:27  Extractor  
  42  3:30  Drone  
  42  3:31  Evolution Chamber  
  42  3:32  Drone  
  42  3:38  Drone  
  42  3:40  Drone x2  
  45  3:41  Baneling  
  45  3:44  Zergling x6  
  48  3:49  Zergling x2  
  48  3:52  Drone  
  48  3:54  Queen  
  52  3:58  Overlord  
  52  3:59  Drone  
  53  4:03  Roach Warren  
  53  4:05  Baneling  
  53  4:07  Drone x2  
  54  4:12  Extractor  
  54  4:15  Drone  
  54  4:17  Drone x3  
  57  4:18  Extractor  
  57  4:20  Overlord  
  56  4:25  Spire  
  56  4:30  Drone  
  56  4:31  Drone x2  
  57  4:33  Drone  
  57  4:37  Drone x2  
  60  4:39  Drone  
  60  4:41  Overlord  
  60  4:42  Zergling x2  
  62  4:46  Zerg Melee Weapons Level 1  
  62  4:48  Zergling x2  
  62  4:49  Zergling x2  
  64  4:55  Zergling x4  
  64  4:56  Drone x3  
  69  5:00  Overlord  
  69  5:02  Baneling x2  
  69  5:03  Zergling x2  
  70  5:12  Drone x4  
  70  5:13  Overlord  
  74  5:16  Extractor  
  74  5:17  Extractor  
  72  5:35  Overlord  
  71  5:38  Mutalisk x5  
  71  5:40  Drone x4  
  71  5:42  Queen  
  87  5:48  Drone  
  87  5:49  Drone x3  
  83  6:01  Drone x2  
  83  6:03  Mutalisk  
  83  6:04  Mutalisk x2  
  83  6:07  Drone  
  83  6:08  Drone x3, Zerg Flyer Weapons Level 1  
  93  6:14  Mutalisk  
  95  6:18  Drone  
  95  6:19  Drone x3  
  95  6:25  Mutalisk  
  99  6:29  Overlord  
  101  6:39  Hatchery  
  99  6:43  Mutalisk x3  
  100  6:47  Zergling x16  
  100  6:50  Overseer  
  100  6:51  Overlord x2  
  100  6:52  Baneling x4  
  108  6:57  Drone x3  
  108  6:59  Overlord  
  111  7:11  Mutalisk x3  
  111  7:14  Drone x5  
  122  7:19  Overlord  
  122  7:22  Drone  
  123  7:25  Extractor  
  123  7:28  Extractor  
  123  7:29  Drone x2  
  121  7:30  Zerg Melee Weapons Level 2  
  121  7:37  Drone x6  
  127  7:41  Overlord x3  
  125  7:45  Overlord  
  125  7:46  Overlord  
  125  7:53  Queen, Drone x2  
  125  7:54  Overlord x2  
  125  7:56  Zergling x2  
  130  7:59  Mutalisk x2  
  130  8:04  Mutalisk x2  
  136  8:08  Mutalisk x3  
  139  8:12  Zergling x2  
  139  8:13  Zergling x10  
  142  8:20  Pneumatized Carapace  
  142  8:21  Overseer  
  142  8:22  Mutalisk x2  
  142  8:24  Zergling x4, Hatchery  
  147  8:32  Zergling x6  
  148  8:38  Baneling x3  
  148  8:39  Baneling  
  148  8:41  Zergling x12  
  154  8:43  Baneling x10  
  154  8:46  Zergling x14  
  161  8:50  Overlord  
  161  8:51  Zerg Flyer Weapons Level 2  
  161  8:53  Zergling x4  
  163  8:57  Baneling  
  163  8:58  Baneling x8  
  163  8:59  Centrifical Hooks  
  163  9:06  Zergling x8  
  165  9:16  Mutalisk x4  
  147  9:18  Zergling x14  
  147  9:19  Zergling x2  
  163  9:28  Mutalisk x3  
  166  9:42  Zergling x14  
  169  9:46  Extractor  
  169  9:49  Extractor  
  169  9:50  Baneling x2  
  169  9:51  Baneling x16, Zergling x2  
  169  9:52  Zergling x18  
  177  9:58  Zergling x14  
  184  10:03  Overlord x2  
  184  10:09  Zergling x2  
  184  10:11  Zergling x2  
  174  10:22  Zergling x20  
  174  10:27  Mutalisk  
  174  10:28  Mutalisk x4  
  184  10:33  Baneling x4, Infestation Pit  
  184  10:34  Baneling x7  
  191  10:40  Zergling x14  
  198  10:45  Baneling x8  
  194  10:53  Zergling x2  
  170  11:08  Zergling x26  
  172  11:16  Hive  
  156  11:22  Hydralisk Den  
  151  11:26  Overseer  
  151  11:27  Zergling x4  
  151  11:28  Zergling x12  
  151  11:32  Zerg Missile Weapons Level 1  
  154  11:33  Drone, Evolution Chamber  
  154  11:34  Drone x4  
  154  11:35  Zergling x6  
  154  11:36  Baneling x7  
  161  11:42  Overseer  
  161  11:44  Drone x3  
  164  11:51  Overlord  
  164  11:52  Zergling x10  
  167  11:58  Overlord  
  165  12:03  Drone  
  165  12:04  Drone x2  
  165  12:06  Lurker Den  
  164  12:13  Overlord  
  164  12:15  Overlord, Hydralisk x7  
  178  12:26  Baneling x6  
  178  12:27  Baneling x5  
  178  12:30  Viper x3  
  187  12:41  Hydralisk x2  
  187  12:42  Hydralisk  
  191  12:47  Overlord  
  191  12:59  Hydralisk x2  
  191  13:05  Lurker x4  
  199  13:12  Hatchery  
  196  13:16  Lurker x3  
  197  13:24  Zergling x2  
  197  13:25  Overseer  
  196  13:28  Zergling x12  
  196  13:30  Overlord x2  
  196  13:31  Overseer  
Show
View Real Time Build Order
Export as new Build Order

soO Zerg - Winner!

Build Orders: Hatch First, Lurkers, Roach Hydra 

Get SALT Encoding   

  12  0:00  Drone  
  13  0:12  Overlord  
  13  0:16  Drone  
  14  0:30  Drone x2  
  16  0:47  Hatchery  
  15  0:50  Drone  
  15  0:54  Drone  
  17  0:57  Drone  
  18  1:08  Extractor  
  17  1:13  Spawning Pool  
  17  1:16  Drone  
  18  1:18  Drone  
  18  1:28  Drone  
  19  1:42  Drone  
  20  1:59  Queen x2  
  20  2:00  Drone  
  20  2:01  Overlord, Drone  
  26  2:09  Drone  
  26  2:11  Metabolic Boost, Drone  
  28  2:20  Drone  
  28  2:22  Zergling x2  
  30  2:31  Hatchery  
  30  2:35  Drone  
  30  2:40  Queen  
  30  2:43  Drone  
  33  2:48  Overlord  
  33  2:51  Drone  
  34  2:55  Baneling Nest  
  34  2:57  Drone  
  34  3:02  Drone  
  35  3:06  Drone x2  
  35  3:07  Drone  
  35  3:09  Drone  
  35  3:12  Zergling x2  
  40  3:13  Zergling x2  
  40  3:15  Zergling x2  
  42  3:20  Overlord  
  42  3:23  Drone  
  43  3:28  Zergling x2, Evolution Chamber  
  43  3:29  Drone  
  44  3:39  Drone  
  44  3:40  Drone x2  
  47  3:44  Drone x2  
  47  3:47  Drone  
  50  3:49  Drone  
  50  3:50  Drone  
  50  3:55  Zerg Missile Weapons Level 1  
  52  3:58  Drone  
  52  3:59  Drone x2  
  52  4:00  Drone  
  56  4:05  Roach Warren  
  56  4:06  Drone x2  
  56  4:08  Lair  
  56  4:09  Baneling, Extractor  
  56  4:11  Zergling x4  
  56  4:12  Extractor  
  57  4:17  Baneling, Overlord  
  57  4:20  Drone  
  57  4:21  Overlord  
  58  4:27  Overlord  
  58  4:31  Overlord  
  58  4:35  Overlord  
  58  4:36  Drone x2  
  58  4:37  Drone x2  
  62  4:39  Drone  
  62  4:40  Drone x2  
  62  4:43  Drone x3  
  62  4:45  Drone x2  
  70  4:46  Drone  
  70  4:47  Drone  
  70  4:49  Drone  
  70  4:51  Drone  
  74  4:54  Pneumatized Carapace  
  74  4:56  Extractor x2  
  72  5:00  Drone x2  
  72  5:06  Drone  
  74  5:08  Drone  
  74  5:09  Overlord  
  74  5:10  Zergling x6  
  78  5:14  Zergling x2  
  78  5:15  Baneling  
  78  5:16  Baneling, Overlord  
  78  5:18  Glial Reconstitution  
  78  5:21  Overlord  
  79  5:24  Roach  
  79  5:25  Extractor, Roach x4  
  88  5:34  Baneling x2  
  88  5:36  Overlord  
  88  5:42  Drone x3  
  91  5:43  Overlord  
  87  6:05  Queen x3, Drone x2  
  87  6:08  Hydralisk Den, Drone x3, Spore Crawler  
  87  6:09  Drone x2, Spore Crawler  
  96  6:13  Drone  
  96  6:15  Drone x2, Spore Crawler  
  96  6:17  Drone x4  
  96  6:18  Zerg Missile Weapons Level 2, Drone  
  103  6:19  Spore Crawler  
  103  6:20  Evolution Chamber  
  101  6:31  Overlord  
  100  6:45  Grooved Spines, Hydralisk x10  
  116  6:50  Overlord  
  116  6:52  Zerg Ground Armor Level 1  
  116  6:53  Overseer  
  114  7:11  Drone  
  114  7:12  Drone x2  
  114  7:13  Extractor  
  114  7:14  Hydralisk x2  
  114  7:15  Roach x2  
  123  7:17  Overlord  
  123  7:19  Drone x2  
  123  7:39  Overlord  
  123  7:41  Overlord  
  123  7:44  Infestation Pit  
  122  7:46  Overlord, Overseer  
  122  7:53  Queen x2  
  122  7:55  Drone  
  127  8:01  Spore Crawler  
  127  8:02  Muscular Augments, Evolution Chamber  
  127  8:03  Evolution Chamber  
  120  8:13  Queen  
  120  8:17  Spore Crawler  
  120  8:18  Spore Crawler  
  120  8:20  Spore Crawler  
  120  8:23  Lurker Den  
  120  8:24  Drone  
  119  8:30  Hive  
  119  8:32  Drone  
  119  8:33  Drone  
  121  8:35  Drone  
  121  8:36  Drone  
  123  8:43  Evolution Chamber  
  123  8:44  Spore Crawler  
  123  8:45  Hydralisk x5, Spore Crawler  
  130  8:50  Zerg Ground Armor Level 2  
  130  8:58  Overlord  
  130  9:05  Overlord  
  130  9:08  Spore Crawler x2  
  130  9:09  Roach x5, Spore Crawler  
  137  9:11  Roach x7  
  137  9:12  Roach  
  141  9:21  Lurker  
  141  9:22  Lurker  
  141  9:23  Lurker x2  
  141  9:24  Hydralisk x4  
  141  9:29  Lurker  
  150  9:33  Spore Crawler  
  150  9:38  Hydralisk x3  
  153  9:43  Viper x2  
  153  9:45  Spore Crawler x2  
  160  9:50  Drone  
  160  9:54  Spore Crawler x2  
  160  9:55  Drone x3  
  160  9:57  Seismic Spines  
  160  9:59  Zerg Missile Weapons Level 3  
  161  10:08  Drone  
  161  10:11  Hatchery  
  161  10:12  Evolution Chamber  
  160  10:16  Drone x2  
  160  10:19  Drone x2  
  160  10:20  Drone  
  159  10:24  Spore Crawler  
  159  10:25  Evolution Chamber  
  159  10:28  Drone x3  
  160  10:29  Drone  
  160  10:32  Lurker x3  
  162  10:40  Spore Crawler  
  162  10:42  Spore Crawler  
  152  10:44  Hatchery, Lurker x2  
  152  10:45  Drone  
  154  10:54  Adaptive Talons  
  154  10:58  Drone  
  154  10:59  Queen  
  154  11:00  Evolution Chamber  
  154  11:01  Roach x3  
  161  11:10  Drone  
  153  11:12  Drone x2  
  153  11:24  Drone  
  153  11:29  Overlord  
  153  11:34  Evolution Chamber  
  153  11:36  Hatchery  
  151  11:45  Queen x2  
  155  11:47  Spore Crawler x3  
  155  11:48  Spore Crawler  
  145  12:01  Drone  
  146  12:02  Drone x3  
  146  12:04  Drone  
  146  12:05  Drone  
  146  12:08  Overseer, Drone  
  152  12:10  Viper x3  
  152  12:15  Drone x8  
  169  12:16  Overlord  
  169  12:19  Hydralisk x4  
  177  12:28  Extractor  
  176  12:30  Extractor  
  173  12:37  Spore Crawler  
  169  12:56  Hydralisk x7  
  169  12:57  Overlord  
  183  13:00  Lurker  
  183  13:02  Spore Crawler  
  183  13:03  Spore Crawler  
  182  13:08  Overlord  
  182  13:15  Overlord  
  182  13:17  Spore Crawler  
  182  13:18  Drone x3, Spore Crawler  
  184  13:20  Drone x3  
Tags
 
Add a new tag
Caveats
  • Supply blocks, unpowered buildings, or Contaminate may cause inaccurate times.
  • Supply counts are checked every 10 seconds.